 Dungeon Crawl Stone Soup version 0.31-a0-672-g7da72447bb (webtiles) character file.

Game seed: 5010379426279808659

77 demibob the Poker (level 4, -3/35 HPs)
             Began as a Demonspawn Chaos Knight on Sept 5, 2023.
             Was a Plaything of Xom.
             Slain by a hellwing (8 damage)
             ... summoned by Xom
             ... on level 2 of the Dungeon.
             The game lasted 00:03:45 (1439 turns).

demibob the Poker (Demonspawn Chaos Knight)         Turns: 1439, Time: 00:03:45

Health: -3/35      AC:  8    Str: 18    XL:     4   Next: 13%
Magic:  4/4        EV: 11    Int: 12    God:    Xom [......]
Gold:   125        SH:  0    Dex: 12    Spells: 3/3 levels left

rFire   x . .        a - +0 spear (chaos)
rCold   . . .        (no shield)
rNeg    . . .        b - +2 leather armour
rPois   .            (no helmet)
rElec   .            (no cloak)
rCorr   .            (no gloves)
SInv    +            (no boots)
Will    .....        (no amulet)
Stlth   +            v - ring of see invisible
HPRegen 1.05/turn    (no ring)
MPRegen 0.09/turn

%: no passive effects
@: brilliant, about to teleport
A: molten scales 2, powered by death 1, regeneration 1, strong 1, heat
vulnerability 1
a: Renounce Religion


You were on level 2 of the Dungeon.
You worshipped Xom.
You were a very special plaything of Xom.
You visited 1 branch of the dungeon, and saw 2 of its levels.

You collected 125 gold pieces.


Innate Abilities, Weirdness & Mutations

You are mostly covered in molten scales. (AC +3)
You regenerate a little health from kills.
Your natural rate of healing is unusually fast.
Your muscles are strong. (Str +4, Int/Dex -1)
You are vulnerable to heat. (rF-)


   Skills:
 - Level 3.0 Fighting
 + Level 4.5 Polearms
 - Level 1.7 Armour
 - Level 0.8 Dodging


You had 3 spell levels left.
You didn't know any spells.
Your spell library contained the following spells:

 Spells                   Type           Power      Damage    Failure   Level
 Blink                    Tloc           0%         N/A       52%         2
 Static Discharge         Conj/Air       0%         2-2/arc   52%         2
 Airstrike                Air            0%         2d(0-16)  98%         4
 Animate Armour           Summ/Erth      0%         N/A       98%         4
 Manifold Assault         Tloc           0%         N/A       98%         4
 Summon Lightning Spire   Summ/Air       0%         N/A       98%         4
 Lee's Rapid Deconstruct  Erth           0%         3d4*      100%        5

Inventory:

Hand Weapons
 a - a +0 spear of chaos (weapon)
Missiles
 j - 5 curare-tipped darts {=f}
Armour
 b - a +2 leather armour (worn)
 o - a +0 helmet
Jewellery
 v - a ring of see invisible (left hand)
 F - a ring of fire
Scrolls
 c - a scroll of silence {unknown}
 d - a scroll of enchant weapon {unknown}
 f - 2 scrolls of identify {unknown}
 g - a scroll of teleportation {@r2}
 i - a scroll of immolation {unknown}
 l - a scroll of revelation {unknown}
 m - a scroll of noise {unknown}
 n - a scroll of brand weapon {unknown}
Potions
 h - a potion of haste {@q3}
 k - a potion of might

Dungeon Overview and Level Annotations

Branches:
Dungeon (2/15)

Altars:

# #....# #.####.## # #
#.# #....# ##.# #..# ##
## #.# #....# #.5# ##.#
#. .# #.# #.####
#.######.###.
.#####.####.#
##.###........
............#
#..#...##.####
##.#........#
##.#..####.####
#..........# #####....##
#.....
##.........###4@5...###
##...#
##........#§§.####.#
#.#.# ##......§§○###
##)# ##.#.# #....^.§###
#.)# ####..#.. #......##
###.#####....####
##......###
#.........####
#.........# #..########
#.##..#.#÷####.........#
#. ##.#.#..............#


You could see a hellwing (summoned) and an iron imp (summoned).


Message History

The hellwing hits you but does no damage.
The hellwing hits you.
* * * LOW HITPOINT WARNING * * *
You emit a cloud of colourful smoke!
Press: ? - help, v - describe, . - travel A teleport trap.
You completely miss the iron imp. The hellwing barely misses you.
The hellwing hits you but does no damage.
As you read the scroll labelled ELIDEP QAGOUM, it crumbles to dust.
You feel strangely unstable.
It was a scroll of teleportation.
The iron imp closely misses you. The hellwing hits you.
* * * LOW HITPOINT WARNING * * *
The hellwing hits you.
* * * LOW HITPOINT WARNING * * *
It was a potion of brilliance.
You feel clever all of a sudden.
Xom thinks this is hilarious!
The iron imp closely misses you. The hellwing hits you.
* * * LOW HITPOINT WARNING * * *
The hellwing hits you but does no damage.
You feel extremely strange.
You feel genetically unstable.
You feel stronger.
You feel vulnerable to heat.
You begin to heal more quickly.
The hellwing barely misses you. The hellwing hits you.
* * * LOW HITPOINT WARNING * * *
The iron imp barely misses you.
Okay, then.
Okay, then.
You barely miss the iron imp. The hellwing hits you!
You die...

Skill      XL: |  1  2  3 |
---------------+----------+-----
Polearms       | 3 4 |  4.5
Fighting       | |  3.0
Armour         | |  1.7
Dodging        | |  0.8

Action                     |  1- 3 |  4- 6 || total
---------------------------+-------+-------++-------
  Melee: Spear             |   118 |    13 ||   131
         Punch             |     3 |       ||     3
    Use: Potion            |     4 |     2 ||     6
         Scroll            |     1 |     1 ||     2
   Stab: Paralysed         |     1 |       ||     1
         Sleeping          |     2 |       ||     2
 Armour: Leather armour    |    58 |    18 ||    76
  Dodge: Dodged            |    54 |    10 ||    64

Levels and vault maps discovered:
D:1:      dpeg_arrival_refuge, layout_loops_ring, minivault_27,
          minmay_octomino_c4
D:2:      layout_rooms, hellmonk_ecumenical_altar_arch_garden,
          supply_closet_lemuel

Notes
Turn   | Place    | Note
-------+----------+-------------------------------------------
     0 | D:1      | demibob the Demonspawn Chaos Knight began the quest for the
                  | Orb.
     0 | D:1      | Reached XP level 1. HP: 18/18 MP: 1/1
     2 | D:1      | XOM: silly message
   100 | D:1      | Reached skill level 3 in Polearms
   293 | D:1      | Gained mutation: You regenerate a little health from kills.
                  | [demonic ancestry]
   293 | D:1      | Reached XP level 2. HP: 24/24 MP: 2/2
   496 | D:1      | XOM: cast spell 'Summon Ice Beast'
   626 | D:1      | Gained mutation: You are partially covered in molten
                  | scales. (AC +2) [demonic ancestry]
   626 | D:1      | Reached XP level 3. HP: 29/29 MP: 3/3
   696 | D:1      | XOM: polymorph bat -> orc
   824 | D:2      | Reached skill level 4 in Polearms
   862 | D:2      | Found a faded altar of an unknown god.
   923 | D:2      | Gained mutation: You are somewhat resistant to further
                  | mutation. [potion of mutation]
  1190 | D:2      | XOM: potion effect (brilliance)
  1207 | D:2      | Gained mutation: You are mostly covered in molten scales.
                  | (AC +3) [demonic ancestry]
  1207 | D:2      | Reached XP level 4. HP: 26/35 MP: 4/4
  1256 | D:2      | XOM: 6-stop teleportation journey
  1401 | D:2      | XOM: summons 3 hostile demons
  1402 | D:2      | Noticed a hellwing
  1431 | D:2      | XOM: smoke on damage
  1438 | D:2      | Lost mutation: You are somewhat resistant to further
                  | mutation. [potion of mutation]
  1438 | D:2      | Gained mutation: Your muscles are strong. (Str +4, Int/Dex
                  | -1) [potion of mutation]
  1438 | D:2      | Gained mutation: You are vulnerable to heat. (rF-) [potion
                  | of mutation]
  1438 | D:2      | Gained mutation: Your natural rate of healing is unusually
                  | fast. [potion of mutation]
  1439 | D:2      | Slain by a hellwing

Vanquished Creatures
  3 gnolls (D:2)
  An orc (D:1)
  4 endoplasms
  3 giant cockroaches
  7 goblins
  2 hobgoblins (D:1)
  A quokka (D:1)
  5 ball pythons
  6 bats
  2 frilled lizards (D:2)
  2 kobolds
  2 rats
38 creatures vanquished.

Vanquished Creatures (collateral kills)
  2 hobgoblins (D:1)
  A kobold (D:1)
  A rat (D:1)
4 creatures vanquished.

Grand Total: 42 creatures vanquished

Table legend: (Time is in decaauts)
 A = Elapsed time spent in this place.
 B = Non-inter-level travel time spent in this place.
 C = Inter-level travel time spent in this place.
 D = Time resting spent in this place.
 E = Time spent auto-exploring this place.
 F = Levels seen in this place.
 G = Mean time per level.
                   A        B        C        D        E       F      G
               +--------+--------+--------+--------+--------+-----+--------+
         Total |   1408 |   1390 |     18 |      9 |   1039 |   2 |  704.0 |
       Dungeon |   1408 |   1390 |     18 |      9 |   1039 |   2 |  704.0 |
               +--------+--------+--------+--------+--------+-----+--------+

Top non-repeatable levels by time:
     D:1: 781 daAuts
     D:2: 627 daAuts

Table legend:
 A = Non-vault XP
 B = Vault XP
 C = Vault XP percentage of total XP
 D = Non-vault monster count
 E = Vault monster count
 F = Vault count percentage of total count
                 A         B        C        D         E       F
            +---------+---------+-------+---------+---------+-------
      Total |     100 |      10 |   9.1 |      36 |       6 |  14.3
            +---------+---------+-------+---------+---------+-------
        D:1 |      36 |      10 |  21.7 |      19 |       6 |  24.0
        D:2 |      64 |       0 |   0.0 |      17 |       0 |   0.0
            +---------+---------+-------+---------+---------+-------
